 Dungeon Crawl Stone Soup version 0.19.5 (webtiles) character file.

69 Azzok the Shooter (level 4, 0/36 HPs)
             Began as a Centaur Hunter on May 30, 2017.
             Killed from afar by an orc wizard (9 damage)
             ... with a puff of frost
             ... on level 3 of the Dungeon.
             The game lasted 00:03:03 (1319 turns).

Azzok the Shooter (Centaur Hunter)                  Turns: 1319, Time: 00:03:04

Health: 0/36       AC:  4    Str: 15    XL:     4   Next: 2%
Magic:  4/4        EV:  9    Int: 10    God:
Gold:   119        SH:  0    Dex: 10    Spells: 0 memorised, 3 levels left

rFire  . . .     SeeInvis .     a - +1 shortbow
rCold  . . .     Gourm    .     c - +0 leather armour
rNeg   . . .     Faith    .     (shield currently unavailable)
rPois  .         Spirit   .     (no helmet)
rElec  .         Reflect  .     (no cloak)
rCorr  .         Harm     .     (no gloves)
MR     .....                    (no barding)
Stlth  +.........               (no amulet)
                                (no ring)
                                (no ring)

@: very quick
A: hooves 3, deformed body, speed 2, tough skin 3
a: no special abilities


You were on level 3 of the Dungeon.
You were not hungry.

You visited 1 branch of the dungeon, and saw 3 of its levels.

You collected 119 gold pieces.

Inventory:

Hand Weapons
 a - a +1 shortbow (weapon)
 b - a +0 short sword
Missiles
 d - 4 arrows (quivered)
Armour
 c - a +0 leather armour (worn)
Jewellery
 h - an uncursed ring of protection from magic {unknown}
Scrolls
 i - 2 scrolls of fear {unknown}
 j - 2 scrolls of remove curse {unknown}
 l - a scroll of teleportation {unknown}
 m - a scroll of immolation {unknown}
Potions
 e - a potion of cancellation {unknown}
Comestibles
 f - 2 bread rations {@e1}
 g - a chunk of flesh {@w0}
 k - 2 slices of pizza


   Skills:
 - Level 2.0 Fighting
 * Level 7.4 Bows
 - Level 1.3 Dodging
 - Level 0.4 Stealth


You had 3 spell levels left.
You didn't know any spells.

Dungeon Overview and Level Annotations

Branches:
Dungeon (2/15)

Altars:


Innate Abilities, Weirdness & Mutations

You have hooves in place of feet.
Armour fits poorly on your strangely shaped body.
You cover ground very quickly.
You have extremely tough skin. (AC +3)


Message History

The orc shouts!
The arrow hits the orc.
The orc is heavily wounded.
Something hits you.
* * * LOW HITPOINT WARNING * * *
You take 4 damage, and have 7/29 hp.
Firing (i - inventory):
d - 5 arrows (quivered)
Press: ? - help, Shift-Dir - straight line, f/p - orc
Aim: an orc, wielding a falchion (heavily wounded)
You shoot an arrow. The arrow hits the orc!
You kill the orc!
You have reached level 4!
You feel agile. Something hits you but does no damage.
You regained 2 hp, and now have 9/36 hp.
MP restored: 4 You hear some strange, mumbled words.
A puff of frost appears from out of thin air!
The puff of frost hits you!
You die...

▒·▒▒▒··▒▒▒▒▒▒▒
▒▒·············
▒▒▒▒▒▒▒▒▒▒·······)·▒▒▒▒·
▒·······▒▒·▒▒▒▒▒···▒▒▒▒·
▒·······▒▒<(·········)▒·
▒·······▒▒·▒▒▒▒▒▒··▒▒···
▒·······'··········▒▒▒▒·
╬·······▒▒·▒▒▒▒▒▒··)····
▒······@▒▒·▒ ▒▒▒▒▒▒▒▒
▒▒╬▒▒▒··▒▒·▒ ▒▒{▒▒·▒
▒··▒·▒ ▒▒(▒··
▒·▒▒▒▒▒(▒▒▒▒▒▒▒·
················
▒·▒▒▒▒▒▒(▒▒▒▒▒▒· ▒((▒


There were no monsters in sight!

Vanquished Creatures
  An orc priest (D:3)
  2 dart slugs (D:1)
  2 orcs (D:3)
  A ball python (D:1)
  A giant cockroach (D:1)
  3 goblins (D:1)
  3 hobgoblins
  10 bats
  3 frilled lizards (D:1)
  2 kobolds (D:1)
  6 rats
34 creatures vanquished.

Notes
Turn   | Place    | Note
-------+----------+-------------------------------------------
     0 | D:1      | Azzok the Centaur Hunter began the quest for the Orb.
     0 | D:1      | Reached XP level 1. HP: 17/17 MP: 1/1
   143 | D:1      | Reached XP level 2. HP: 20/24 MP: 2/2
   177 | D:1      | Reached skill level 6 in Bows
   732 | D:1      | Reached XP level 3. HP: 29/29 MP: 3/3
  1079 | D:2      | You fall through a shaft!
  1315 | D:3      | Reached skill level 7 in Bows
  1318 | D:3      | Reached XP level 4. HP: 9/36 MP: 4/4
  1319 | D:3      | Killed from afar by an orc wizard

Skill      XL: |  1  2  3 |
---------------+----------+-----
Bows           | 6 7 |  7.4
Fighting       | |  2.0
Dodging        | |  1.3
Stealth        | |  0.4

Action                   |  1- 3 |  4- 6 || total
-------------------------+-------+-------++-------
Melee: Short sword       |   102 |       ||   102
       Kick              |    10 |       ||    10
 Fire: Shortbow          |    16 |       ||    16
  Eat: Chunk             |     1 |       ||     1
Armor: Leather armour    |    60 |     1 ||    61
Dodge: Dodged            |    62 |       ||    62
